 Dungeon Crawl Stone Soup version 0.29-a0-492-g10b964d8d7 (webtiles) character file.

Game seed: 14572287094331098971

306904 emergency the Impaler (level 20, -12/178 HPs)
             Began as a Demonspawn Gladiator on May 27, 2022.
             Was a High Priest of Ashenzari.
             Killed from afar by a fire dragon (30 damage)
             ... with a blast of flame
             ... on level 4 of the Depths on May 28, 2022.
             The game lasted 03:07:50 (48506 turns).

emergency the Impaler (Demonspawn Gladiator)       Turns: 48506, Time: 03:07:51

Health: -12/178    AC: 43    Str: 28    XL:     20   Next: 31%
Magic:  36/36      EV: 11    Int:  9    God:    Ashenzari [*****.]
Gold:   3764       SH: 16    Dex: 21    Spells: 32/43 levels left

rFire   . . .      SeeInvis +   p - +9 trident "All-seeing Paranoia" {freeze, Evo, Fort} (curse)
rCold   + + +      Faith    .   u - +3 buckler of Lugonu's Reproof {Rampage}
rNeg    + . .      Spirit   .   b - +11 plate armour of Ashenzari's Malaise {rC+ Regen+ Str+4, Melee, Comp} (curse)
rPois   .          Reflect  +   I - +2 hood of the Assassin {Detection Stab+ Stlth++, Self, Bglg} (curse)
rElec   +          Harm     .   O - +1 cloak "Per Aspera Ad Scientiam" {rC++ Regen+ Stlth-, Fort, Comp} (curse)
rCorr   +          Rampage  +   (gloves unavailable)
Will    ++...      Clarity  +   a - +3 pair of boots of the Elysian Visionary {rC+ Will+ Dex+2, Fort, Cun} (curse)
Stlth   +.........              g - amulet "Share My Augurer" {Reflect SH+5, Self, Comp} (curse)
HPRegen 1.99/turn               k - ring "Enigmatic Mistrust" {Fly rN+ Dex+4, Fort, Evo} (curse)
MPRegen 0.25/turn               D - ring of resist corrosion

@: flying, studying Necromancy, invisible
A: thin metallic scales 3, foul stench 2, spiny 1, black mark, bedeviling,
demonic touch 3
}: 2/15 runes: barnacled, gossamer
a: Renounce Religion, Curse Item, Shatter the Chains


You were on level 4 of the Depths.
You worshipped Ashenzari.
Ashenzari was extremely pleased with you.
You visited 6 branches of the dungeon, and saw 34 of its levels.
You also visited: Sewer, Ossuary, Gauntlet and Volcano.

You collected 4964 gold pieces.
You spent 1200 gold pieces at shops.

Inventory:

Hand Weapons
 p - the cursed +9 trident "All-seeing Paranoia" (weapon) {freeze, Evo, Fort}
   (You took it off a wight on level 7 of the Dungeon)

   It freezes those it strikes, dealing additional cold damage.
   It can also slow down cold-blooded creatures.
   It has a curse which improves the following skills: Evocations: Evocations.
   Fortitude: Armour and Shields.
 x - a +4 demon trident of electrocution
 F - the +8 morningstar "Widowmaker" {vorpal, rF+}
   (You found it on level 1 of the Shoals)

   It inflicts extra damage upon your enemies.
   rF:        It protects you from fire.
 W - the +9 falchion of Dishonesty {flame, rF+ rC+ Str+4}
   (You took it off a minotaur in a Gauntlet)

   It burns those it strikes, dealing additional fire damage.
   Big, fiery blades are also staple armaments of hydra-hunters.
   Str:       It affects your strength (+4).
   rF:        It protects you from fire.
   rC:        It protects you from cold.
Missiles
 d - 11 throwing nets
 r - 7 curare-tipped darts
 B - 7 javelins
 E - 33 boomerangs
 Q - 26 poisoned darts
 U - 8 silver javelins
Armour
 a - the cursed +3 pair of boots of the Elysian Visionary (worn) {rC+ Will+ Dex+2, Fort, Cun}
   (You acquired it on level 7 of the Dungeon)

   Dex:       It affects your dexterity (+2).
   rC:        It protects you from cold.
   Will:      It increases your willpower.
   It has a curse which improves the following skills: Fortitude: Armour and
   Shields.
   Cunning:   Dodging and Stealth.
 b - the cursed +11 plate armour of Ashenzari's Malaise (worn) {rC+ Regen+ Str+4, Melee, Comp}
   (You found it on level 3 of the Spider Nest)

   Str:       It affects your strength (+4).
   rC:        It protects you from cold.
   Regen:     It increases your rate of health regeneration.
   It has a curse which improves the following skills: Melee Combat: Short
   Blades, Long Blades, Axes, Maces & Flails, Polearms, Staves and Unarmed
   Combat.
   Companions: Summonings and Necromancy.
 u - the +3 buckler of Lugonu's Reproof (worn) {Rampage}
   (You acquired it on level 2 of the Depths)

   Rampage:   It bestows one free step when moving towards enemies.
 I - the cursed +2 hood of the Assassin (worn) {Detection Stab+ Stlth++, Self, Bglg}
   (You found it in a Gauntlet)

   It allows the wearer to sense nearby creatures.
   It allows the wearer to make particularly effective stabbing attacks against
   helpless or unaware enemies with any weapon.
   Stlth:     It makes you much more stealthy.
   It has a curse which improves the following skills: Introspection: Fighting
   and Spellcasting.
   Beguiling: Conjurations, Hexes and Translocations.
 O - the cursed +1 cloak "Per Aspera Ad Scientiam" (worn) {rC++ Regen+ Stlth-, Fort, Comp}
   (You acquired it on level 7 of the Dungeon)

   rC:        It greatly protects you from cold.
   Regen:     It increases your rate of health regeneration.
   Stlth:     It makes you less stealthy.
   It has a curse which improves the following skills: Fortitude: Armour and
   Shields.
   Companions: Summonings and Necromancy.
Jewellery
 g - the cursed amulet "Share My Augurer" (around neck) {Reflect SH+5, Self, Comp}
   (You found it on level 1 of the Dungeon)

   [amulet of reflection]

   It reflects blocked missile attacks.
   SH:        It affects your SH (+5).
   It has a curse which improves the following skills: Introspection: Fighting
   and Spellcasting.
   Companions: Summonings and Necromancy.
 j - the ring of Nuybonixt {Will+ EV+4}
   (You found it on level 4 of the Shoals)

   [ring of evasion]

   EV:        It affects your evasion (+4).
   Will:      It increases your willpower.
 k - the cursed ring "Enigmatic Mistrust" (left hand) {Fly rN+ Dex+4, Fort, Evo}
   (You acquired it on level 7 of the Dungeon)

   [ring of flight]

   Dex:       It affects your dexterity (+4).
   rN:        It protects you from negative energy.
   Fly:       It grants you flight.
   It has a curse which improves the following skills: Fortitude: Armour and
   Shields.
   Evocations: Evocations.
 D - a ring of resist corrosion (right hand)
 K - the ring of Beulosch {rPois rF- rCorr SInv}
   (You found it in a Gauntlet)

   [ring of see invisible]

   rF:        It makes you vulnerable to fire.
   rPois:     It protects you from poison.
   SInv:      It lets you see invisible.
   rCorr:     It protects you from acid and corrosion.
Wands
 c - a wand of flame (63)
 h - a wand of acid (11)
 n - a wand of charming (6)
 C - a wand of paralysis (31)
 L - a wand of polymorph (8)
 V - a wand of iceblast (18)
 Z - a wand of mindburst (25)
Scrolls
 i - 11 scrolls of teleportation
 q - 4 scrolls of enchant weapon
 y - 4 scrolls of summoning
 A - 2 scrolls of amnesia
 G - 3 scrolls of enchant armour
 H - 3 scrolls of torment
 J - a scroll of brand weapon
 P - 3 scrolls of poison
 R - 9 scrolls of fear
 S - 10 scrolls of fog
 T - 2 scrolls of silence
 X - 6 scrolls of blinking
 Y - 3 scrolls of magic mapping
Potions
 f - 2 potions of heal wounds
 o - a potion of resistance
 s - 4 potions of cancellation
 t - 5 potions of haste
 v - 7 potions of ambrosia
 w - 5 potions of might
 z - 11 potions of curing
 N - 10 potions of lignification
Miscellaneous
 e - a lightning rod (4/4)
 l - a box of beasts


   Skills:
 - Level 17.2(20.4) Fighting
 - Level 4.0(6.5) Short Blades
 - Level 3.4(6.1) Long Blades
 - Level 5.3(15.6) Axes
 - Level 10.0(12.8) Maces & Flails
 + Level 19.1(21.3) Polearms
 - Level 6.0 Throwing
 - Level 14.5(20.0) Armour
 - Level 2.6(4.5) Dodging
 - Level 5.1(7.3) Stealth
 - Level 6.5(11.8) Shields
 - Level 8.5(12.0) Spellcasting
 - Level 3.9(6.0) Hexes
 + Level 11.4(15.9) Necromancy
 - Level 3.3 Transmutations
 - Level 3.3 Earth Magic
 - Level 6.0(9.4) Evocations


You had 32 spell levels left.
You knew the following spells:

 Your Spells              Type           Power      Damage    Failure   Level
a - Passwall              Tmut/Erth      9%         N/A       26%         2
b - Wereblood             Tmut           11%        N/A       26%         2
c - Animate Dead          Necr           34%        N/A       1%          4
d - Mephitic Cloud        Conj/Pois/Air  5%         N/A       88%         3

Your spell library contained the following spells:

 Spells                   Type           Power      Damage    Failure   Level
 Necrotize                Necr           100%       1d9       1%          1
 Vampiric Draining        Necr           34%        2d8       1%          3
 Dispel Undead            Necr           34%        3d15      1%          4
 Agony                    Necr           34%        N/A       2%          5
 Slow                     Hex            96%        N/A       5%          1
 Anguish                  Hex/Necr       18%        N/A       7%          4
 Death Channel            Necr           17%        N/A       14%         6
 Confusing Touch          Hex            24%        N/A       16%         3
 Beastly Appendage        Tmut           22%        N/A       17%         1
 Sandblast                Erth           22%        2d7       17%         1
 Ensorcelled Hibernation  Hex/Ice        32%        N/A       28%         2
 Borgnjor's Vile Clutch   Necr/Erth      11%        N/A       34%         5
 Apportation              Tloc           10%        N/A       50%         1
 Magic Dart               Conj           20%        1d4       50%         1
 Call Imp                 Summ           6%         N/A       58%         2
 Corpse Rot               Necr/Pois/Air  14%        N/A       58%         4
 Poisonous Vapours        Pois/Air       10%        N/A       67%         2
 Scorch                   Fire           10%        2d5       67%         2
 Static Discharge         Conj/Air       5%         N/A       67%         2
 Stone Arrow              Conj/Erth      16%        3d8       67%         3
 Spider Form              Tmut/Pois      8%         N/A       69%         3
 Ignite Poison            Fire/Tmut/Pois 7%         N/A       77%         3
 Gell's Gravitas          Tloc           5%         N/A       86%         3
 Lesser Beckoning         Tloc           5%         N/A       86%         3
 Teleport Other           Tloc           5%         N/A       86%         3
 Petrify                  Tmut/Erth      11%        N/A       86%         4
 Conjure Flame            Conj/Fire      5%         6-21      88%         3
 Frozen Ramparts          Ice            10%        1d3       88%         3
 Ice Form                 Ice/Tmut       8%         N/A       97%         4
 Simulacrum               Ice/Necr       9%         N/A       98%         6
 Flame Wave               Conj/Fire      5%         2d5       99%         4
 Sticky Flame             Conj/Fire      5%         2d3       99%         4
 Summon Ice Beast         Ice/Summ       6%         N/A       99%         4
 Blade Hands              Tmut           5%         N/A       99%         5
 Metabolic Englaciation   Hex/Ice        8%         N/A       99%         5
 Summon Mana Viper        Hex/Summ       17%        N/A       99%         5
 Alistair's Intoxication  Tmut/Pois      5%         N/A       100%        5
 Freezing Cloud           Conj/Ice/Air   2%         6-21      100%        5
 Irradiate                Conj/Tmut      4%         3d14      100%        5
 Summon Forest            Summ/Tloc      3%         N/A       100%        5
 Dispersal                Tloc           2%         N/A       100%        6
 Statue Form              Tmut/Erth      7%         N/A       100%        6
 Summon Cactus Giant      Summ           3%         N/A       100%        6
 Dragon Form              Tmut           5%         N/A       100%        7
 Enfeeble                 Hex            12%        N/A       100%        7
 Malign Gateway           Summ/Tloc      3%         N/A       100%        7
 Summon Horrible Things   Summ           3%         N/A       100%        8
 Polar Vortex             Ice            2%         N/A       100%        9


Dungeon Overview and Level Annotations

Branches:
Dungeon (15/15)            Temple (1/1) D:5            Lair (6/6) D:10
 Shoals (4/4) Lair:3       Spider (4/4) Lair:2        Slime (0/5) Lair:6
    Orc (0/2) D:11         Vaults (0/5) D:14         Depths (4/4) D:15
  Sewer (visited)         Ossuary (visited)         Volcano (visited)
Gauntlet (visited)
    Zot: Depths:4

Altars:
Ashenzari
Cheibriados
Dithmenos
Elyvilon
Fedhas
Gozag
Hepliaklqana
Kikubaaqudgha
Makhleb
Nemelex Xobeh
Okawaru
Qazlal
Ru
Sif Muna
Trog
Uskayaw
Vehumet
Wu Jian
Xom
Yredelemnul
Zin
The Shining One

Shops:
D:9 [:(   D:11 *   D:13 ?   D:14 *   Shoals:2 *   Depths:2 :=:

Portals:
Hell: Depths:1 Depths:2 Depths:3 Depths:4
Abyss: Depths:3
Pandemonium: Depths:2
Ziggurat: Depths:4
Trove: Depths:3 (give 3 potions of resistance)

Annotations:
D:5 3 runed translucent doors, exclusion: downstairs, Banquo's ghost, novice DjWz
D:11 exclusion: downstairs
Lair:6 exclusion: 2 oklob plants
Spider:3 1 runed translucent door, Qonint's ghost, adept GnWn


Innate Abilities, Weirdness & Mutations

You are completely covered in thin metallic scales. (AC +4, rElec)
You sometimes emit foul miasma when damaged in melee.
You are partially covered in sharp spines.
Your melee attacks may debilitate your foes.
Your hexes are more powerful.
Your touch may irresistibly damage your foes and sap their willpower.


Message History

You rampage towards the ice dragon!
You hit the ice dragon.
The ice dragon is lightly wounded.
You feel sick.
You hit the ice dragon but do no damage.
The ice dragon is lightly wounded.
You feel sick. The ice dragon barely misses you.
The ice dragon claws you but does no damage.
You block the ice dragon's attack.
You puncture the ice dragon! You freeze the ice dragon.
The ice dragon is moderately wounded.
You hit the ice dragon.
The ice dragon looks weaker.
The ice dragon is moderately wounded.
You feel sick.
The ice dragon is struck by your spines.
The ice dragon bites you but does no damage.
The ice dragon claws you but does no damage.
The ice dragon tramples you but does no damage.
You puncture the ice dragon!
The ice dragon is severely wounded.
The ice dragon is struck by your spines.
The ice dragon closely misses you. The ice dragon claws you.
* * * LOW HITPOINT WARNING * * *
You block the ice dragon's attack.
You puncture the ice dragon! You freeze the ice dragon.
The ice dragon is almost dead.
You feel sick.
You fade into invisibility!
You feel sick. The ice dragon breathes frost at you.
The blast of cold hits you. You resist.
* * * LOW HITPOINT WARNING * * *
You catch the helpless ice dragon completely off-guard!
You perforate the ice dragon like a sieve!!!
You freeze the ice dragon.
You kill the ice dragon!
You feel sick.
You are no longer poisoned.
The fire dragon breathes flames at you. The blast of flame hits you!!
You die...

.....##....###########....#######
#####+##.....#######.D/..##......
#####.####........○....###..#####
#.......####......)..#####..#≈≈≈≈
#.##.##....#####)#####.###..#≈≈≈≈
........########D##.##...'..#b≈≈≈
#.##.###########D##.######..#bb≈≈
#.##.###########.##.######..#####
#'##'###########@##.######.......
.<.........#####.##.#######'#####
....######.#####.##..Z.Z..#Z#####
....#≈≈≈≈#.#####.##.####.........
....#≈≈≈≈#.#####....####.#(#.#.#.
....#≈≈≈≈#..#####.#.####.........
....######...####.#.####.#.#.#.#.
....######..........## #.........
.......†.†..#.#.#+######.#.#.#.#.


You could see a shadow dragon and a fire dragon (can't see you, catching
breath).

Vanquished Creatures
  2 juggernauts (Depths:2)
  3 caustic shrikes (Depths:4)
  A golden dragon (Depths:3)
  Nikola (Shoals:1)
  A hellephant (Depths:1)
  A walking crystal tome (Depths:3)
  Jorgrun (D:12)
  A walking earthen tome (Depths:2)
  5 liches
  A titan (Depths:4)
  A kraken (Shoals:3)
  2 sphinxes (Depths:2)
  Frances (Shoals:1)
  A tengu reaver (Depths:3)
  3 storm dragons
  A draconian monk (Depths:4)
  Ilsuiw (Shoals:2)
  7 fire giants
  8 emperor scorpions
  8 frost giants
  6 ghost moths
  A spriggan defender (Depths:3)
  A draconian annihilator (Depths:4)
  2 caustic shrike skeletons (Depths:2)
  15 very ugly things
  13 stone giants
  A red draconian (Depths:4)
  A yellow draconian (Depths:4)
  A green draconian (Depths:4)
  A black draconian (Depths:4)
  4 vampire knights
  2 spark wasps
  A minotaur (Gauntlet)
  A dire elephant (D:15)
  2 entropy weavers
  Snorg (Lair:4)
  10 ettins
  4 fire dragons
  A green death (Gauntlet)
  5 merfolk javelineers
  9 merfolk impalers
  A great orb of eyes (D:15)
  Josephine (Lair:4)
  4 rakshasas
  14 boulder beetles
  12 hydras
  8 ice dragons
  2 ogre magi (D:15)
  2 spriggan air magi
  6 catoblepae
  5 vault guards (Depths:3)
  2 jorogumos
  A satyr (Shoals:3)
  9 two-headed ogres
  4 centaur warriors
  4 radroaches
  A ghost crab (Gauntlet)
  An alligator snapping turtle (Shoals:2)
  4 merfolk aquamancers
  5 deep troll shamans
  2 tengu warriors
  6 deep troll earth magi
  A vampire mage (Depths:1)
  8 hell hogs (Depths:1)
  12 hell knights
  8 death yaks
  6 spriggan berserkers
  Sonja (Lair:1)
  A shadow wraith (D:14)
  9 skeletal warriors
  6 steelbarb worms
  3 pharaoh ants
  2 iron trolls
  A salamander mystic (Volcano)
  2 glowing orange brains
  17 deep trolls
  4 orb spiders
  A shadow demon (Depths:2)
  10 sea snakes
  A flayed ghost (Depths:2)
  An orc knight (D:10)
  9 harpies
  A wolf spider (shapeshifter) (D:14)
  2 wizards
  2 phantasmal warriors (Depths:3)
  3 necromancers (Depths:2)
  22 wolf spiders
  5 cyclopes
  A frost giant zombie (Depths:2)
  A mana viper (shapeshifter) (Depths:2)
  27 ugly things
  An oklob plant (Lair:2)
  16 manticores
  5 fauns
  4 salamanders (Volcano)
  2 moths of wrath
  10 black mambas
  4 merfolk sirens
  8 water nymphs
  27 elephants
  6 torpor snails
  6 gargoyles
  14 cane toads
  2 smoke demons (Depths:2)
  An unseen horror (D:11)
  An efreet (D:15)
  9 rime drakes
  A kobold demonologist (Depths:3)
  16 komodo dragons
  8 demonic crawlers
  A red devil (Depths:2)
  29 merfolk
  3 polar bears
  3 meliai (Spider:3)
  2 hornets
  32 tarantellas
  A wolf spider simulacrum (D:13)
  5 trolls
  10 wind drakes
  14 dream sheep
  Prince Ribbit (D:5)
  4 tyrant leeches
  9 blink frogs
  12 snapping turtles
  A centaur simulacrum (D:15)
  32 jumping spiders
  5 air elementals (Shoals:4)
  15 culicivoras
  3 shadows
  10 wraiths
  18 water elementals
  2 vampires (D:10)
  37 yaks
  11 wyverns
  Grum (D:8)
  13 basilisks
  35 redbacks
  A steam dragon (D:9)
  A neqoxec (Depths:2)
  A vampire mosquito (D:10)
  An acid dragon (D:12)
  15 water moccasins
  Pargi (Sewer)
  A floating eye (Depths:1)
  5 orc warriors
  2 black bears
  4 ogres
  10 wolves
  13 centaurs
  3 kobold brigands
  Blork the orc (D:4)
  20 bullfrogs
  3 necrophages
  A gnoll sergeant (D:9)
  An earth elemental (D:14)
  2 scorpions
  19 wights
  A water moccasin zombie (Ossuary)
  10 killer bees
  4 electric eels
  7 howler monkeys
  2 hounds
  A jelly (D:5)
  3 orc priests (D:7)
  A gnoll shaman (D:7)
  Jessica (D:3)
  2 iguanas (D:4)
  Ijyb (D:3)
  8 orc wizards
  10 hell rats
  2 mummies (Ossuary)
  10 gnolls
  9 adders
  A white imp (D:7)
  An ufetubus (D:6)
  An adder zombie (Ossuary)
  A worm (D:2)
  4 dart slugs
  21 orcs
  6 ball pythons
  A bat (D:1)
  11 giant cockroaches
  9 goblins
  10 hobgoblins
  5 jackals
  5 quokkas
  4 frilled lizards
  3 gnoll zombies (Ossuary)
  5 hobgoblin zombies (Ossuary)
  11 kobolds
  4 kobold zombies (Ossuary)
  10 orc zombies (Ossuary)
  2 quokka zombies (D:5)
  8 rats
  2 tentacles (Shoals:3)
1145 creatures vanquished.

Vanquished Creatures (collateral kills)
  A golden dragon (Depths:4)
1 creature vanquished.

Vanquished Creatures (others)
  A fire giant (Depths:1)
  A merfolk aquamancer (Shoals:3)
  A draconian zombie (Depths:4)
  A manticore (Lair:6)
  A green draconian zombie (Depths:4)
  A water elemental (Shoals:3)
  A bush (Lair:6)
  29 fungi
  94 plants
  5 tentacles (Shoals:3)
135 creatures vanquished.

Grand Total: 1281 creatures vanquished

Notes
Turn   | Place    | Note
-------+----------+-------------------------------------------
     0 | D:1      | emergency the Demonspawn Gladiator began the quest for the
                  | Orb.
     0 | D:1      | Reached XP level 1. HP: 16/16 MP: 1/1
   191 | D:1      | Reached skill level 1 in Shields
   191 | D:1      | Gained mutation: Your touch may inflict minor irresistible
                  | damage on your foes. [demonic ancestry]
   191 | D:1      | Reached XP level 2. HP: 18/22 MP: 2/2
   859 | D:1      | Found a faded altar of an unknown god.
   876 | D:1      | Reached XP level 3. HP: 28/28 MP: 3/3
  1544 | D:2      | Learned a level 2 spell: Passwall
  2039 | D:3      | Noticed Jessica
  2040 | D:3      | Noticed Ijyb
  2069 | D:3      | Killed Ijyb
  2070 | D:3      | Reached skill level 1 in Short Blades
  2594 | D:3      | Reached XP level 4. HP: 33/34 MP: 4/4
  2715 | D:3      | Killed Jessica
  2722 | D:3      | Reached skill level 1 in Armour
  3228 | D:4      | Gained mutation: Your touch may inflict irresistible damage
                  | on your foes. [demonic ancestry]
  3228 | D:4      | Reached XP level 5. HP: 25/41 MP: 5/5
  3557 | D:4      | Found a glowing drain.
  3576 | Sewer    | Entered a sewer
  3634 | Sewer    | Noticed Pargi
  3659 | Sewer    | Killed Pargi
  3660 | Sewer    | Gained mutation: You may rarely emit foul miasma when
                  | damaged in melee. [demonic ancestry]
  3660 | Sewer    | Reached XP level 6. HP: 27/47 MP: 6/6
  3806 | Sewer    | Identified the +6 scale mail of Zubur {rPois rN+}
  4403 | D:4      | Noticed Blork the orc
  4411 | D:4      | Killed Blork the orc
  4412 | D:4      | Reached XP level 7. HP: 45/53 MP: 7/7
  4494 | D:5      | Entered Level 5 of the Dungeon
  4565 | D:5      | Identified the +1 leather armour of Thoughtfulness {+Inv
                  | Str+4 Int+3 Stlth+}
  4641 | D:5      | Noticed Prince Ribbit
  4643 | D:5      | Found a runed translucent gate.
  4651 | D:5      | Killed Prince Ribbit
  4652 | D:5      | Reached skill level 5 in Shields
  4653 | D:5      | Found a runed translucent gate.
  4653 | D:5      | Found a runed translucent gate.
  4655 | D:5      | Noticed Banquo's ghost (novice DjWz)
  4750 | D:5      | Found a sand-covered staircase.
  4772 | Ossuary  | Entered an ossuary
  5105 | Ossuary  | Reached skill level 1 in Axes
  5328 | D:5      | Found a snail-covered altar of Cheibriados.
  5339 | D:5      | Found a staircase to the Ecumenical Temple.
  5351 | Temple   | Entered the Ecumenical Temple
  5371 | Temple   | Became a worshipper of Ashenzari the Shackled
  6166 | D:5      | Reached skill level 5 in Fighting
  6166 | D:5      | Gained mutation: You are partially covered in thin metallic
                  | scales. (AC +2) [demonic ancestry]
  6166 | D:5      | Reached XP level 8. HP: 46/62 MP: 8/8
  7622 | D:7      | Gained mutation: You sometimes emit foul miasma when
                  | damaged in melee. [demonic ancestry]
  7622 | D:7      | Reached XP level 9. HP: 72/72 MP: 9/9
  7706 | D:7      | Reached * piety under Ashenzari
  7706 | D:7      | Identified 3 scrolls of acquirement
  7708 | D:7      | Reached skill level 5 in Axes
  8071 | D:7      | Reached skill level 3 in Polearms
  8357 | D:7      | Reached skill level 4 in Polearms
  8743 | D:7      | Acquired the +3 pair of boots of the Grinning Gods {rC+
                  | Will+ Dex+2}
  8750 | D:7      | Acquired the +1 cloak of Plog {rC++ Regen+ Stlth-}
  8752 | D:7      | Acquired the ring of Hioss {Fly rN+ Dex+4}
  8958 | D:7      | Reached ** piety under Ashenzari
  9305 | D:8      | Noticed Grum
  9329 | D:8      | Reached skill level 5 in Polearms
  9349 | D:8      | Killed Grum
  9732 | D:8      | Gained mutation: You are mostly covered in thin metallic
                  | scales. (AC +3) [demonic ancestry]
  9732 | D:8      | Reached XP level 10. HP: 82/83 MP: 10/10
  9786 | D:9      | Found Vygrimpa's Antique Armour Boutique.
  9885 | D:9      | Found Caasej's Book Shop.
  9912 | D:9      | Reached skill level 6 in Polearms
  9947 | D:9      | Reached skill level 10 in Fighting
 10153 | D:9      | Noticed a boulder beetle
 10610 | D:9      | Found Zexzid's Weapon Emporium.
 10652 | D:9      | Reached skill level 7 in Polearms
 10807 | D:9      | Found a shimmering blue altar of Sif Muna.
 11144 | D:9      | Found an iron altar of Okawaru.
 11178 | D:10     | Entered Level 10 of the Dungeon
 11501 | D:10     | Reached skill level 8 in Polearms
 11750 | D:10     | Reached XP level 11. HP: 82/93 MP: 11/11
 11757 | D:10     | Noticed an orc knight
 11762 | D:10     | Killed an orc knight
 11929 | D:10     | Noticed a centaur warrior
 11939 | D:10     | Killed a centaur warrior
 12106 | D:10     | Noticed a five-headed hydra
 12114 | D:10     | Killed a five-headed hydra
 12341 | D:10     | Found a staircase to the Lair.
 13112 | D:11     | Found a staircase to the Orcish Mines.
 13131 | D:11     | Noticed a five-headed hydra
 13145 | D:11     | Killed a five-headed hydra
 13307 | D:11     | Noticed a five-headed hydra
 13316 | D:11     | Killed a five-headed hydra
 13754 | D:11     | Noticed a cyan ugly thing
 13768 | D:11     | Killed a cyan ugly thing
 13926 | D:11     | Found Itreom's Assorted Antiques.
 13949 | D:11     | Learned a level 2 spell: Wereblood
 13954 | D:11     | Learned a level 4 spell: Animate Dead
 14419 | D:12     | Noticed a skeletal warrior
 14419 | D:12     | Noticed a skeletal warrior
 14419 | D:12     | Noticed a skeletal warrior
 14419 | D:12     | Noticed a skeletal warrior
 14419 | D:12     | Noticed a skeletal warrior
 14507 | D:12     | Reached skill level 15 in Fighting
 14507 | D:12     | Reached XP level 12. HP: 109/109 MP: 12/12
 14687 | D:12     | Noticed a boulder beetle
 14697 | D:12     | Reached skill level 1 in Evocations
 14704 | D:12     | Noticed a two-headed ogre
 14705 | D:12     | Killed a boulder beetle
 14707 | D:12     | Found a gate leading to a gauntlet.
 14717 | D:12     | Killed a two-headed ogre
 14731 | Gauntlet | Entered a Gauntlet
 14731 | Gauntlet | Found a transporter.
 15160 | Gauntlet | Found a transporter.
 15163 | Gauntlet | Noticed a ghost crab
 15176 | Gauntlet | Identified the ring of Beulosch {rPois rF- rCorr SInv}
 15177 | Gauntlet | Found a transporter.
 15181 | Gauntlet | Found a transporter.
 15183 | Gauntlet | Noticed a green death
 15202 | Gauntlet | Found a transporter.
 15212 | Gauntlet | Found a runed translucent door.
 15217 | Gauntlet | Found a transporter.
 15228 | Gauntlet | Identified the ring of Godois Idebi {rElec Dex+9 SInv
                  | Stlth-}
 15229 | Gauntlet | Found a transporter.
 15254 | Gauntlet | Identified the amulet "Isisabbo" {Reflect rPois SH+5}
 15258 | Gauntlet | Found a transporter.
 15258 | Gauntlet | Found a transporter.
 15263 | Gauntlet | Found a transporter.
 15296 | Gauntlet | Found a transporter.
 15296 | Gauntlet | Found a transporter.
 15298 | Gauntlet | Identified the +2 cloak of Tufifair {rPois rN+ Str+5}
 15324 | Gauntlet | Found the +2 hood of the Assassin {Detection Stab+ Stlth++}
 15451 | Gauntlet | HP: 3/100 [spectral spark wasp[a ghost crab] (16)]
 15455 | Gauntlet | Killed a ghost crab
 15715 | Gauntlet | Killed a green death
 15940 | Gauntlet | Identified the +9 falchion of Dishonesty {flame, rF+ rC+
                  | Str+4}
 15940 | Gauntlet | Noticed a minotaur
 15955 | Gauntlet | Killed a minotaur
 16459 | Lair:1   | Entered Level 1 of the Lair of Beasts
 16632 | Lair:1   | Noticed a six-headed hydra
 16645 | Lair:1   | Killed a six-headed hydra
 16646 | Lair:1   | Reached skill level 9 in Polearms
 16667 | Lair:1   | Noticed Sonja
 16677 | Lair:1   | Killed Sonja
 16764 | Lair:1   | Noticed a six-headed hydra
 16775 | Lair:1   | Killed a six-headed hydra
 16776 | Lair:1   | Reached skill level 5 in Armour
 17086 | Lair:1   | Noticed an eight-headed hydra
 17100 | Lair:1   | Killed an eight-headed hydra
 18071 | Lair:2   | Noticed a boulder beetle
 18115 | Lair:2   | Killed a boulder beetle
 18116 | Lair:2   | Reached skill level 10 in Polearms
 19012 | Lair:2   | Gained mutation: You are partially covered in sharp spines.
                  | [demonic ancestry]
 19012 | Lair:2   | Reached XP level 13. HP: 111/115 MP: 13/13
 19130 | Lair:2   | Reached skill level 1 in Transmutations
 19163 | Lair:2   | Reached skill level 1 in Spellcasting
 19163 | Lair:2   | Reached skill level 1 in Earth Magic
 19426 | Lair:2   | Found a hole to the Spider Nest.
 19727 | Lair:3   | Found a dark tunnel.
 19743 | Volcano  | Entered a volcano
 19970 | Volcano  | HP: 5/115 [salamander/+0 spear (14)]
 20632 | Lair:3   | Found a staircase to the Shoals.
 21281 | Lair:4   | Noticed Josephine
 21294 | Lair:4   | Killed Josephine
 21614 | Lair:4   | Reached skill level 11 in Polearms
 21771 | Lair:4   | Reached skill level 5 in Spellcasting
 22052 | Lair:4   | Noticed Snorg
 22063 | Lair:4   | Killed Snorg
 22278 | Lair:4   | Reached skill level 12 in Polearms
 22517 | Lair:4   | Gained mutation: You are completely covered in thin
                  | metallic scales. (AC +4, rElec) [demonic ancestry]
 22517 | Lair:4   | Reached XP level 14. HP: 100/123 MP: 21/21
 23381 | Lair:5   | Reached skill level 13 in Polearms
 24314 | Lair:5   | Reached *** piety under Ashenzari
 24337 | Lair:6   | Entered Level 6 of the Lair of Beasts
 24394 | Lair:6   | Reached skill level 14 in Polearms
 24513 | Lair:6   | Reached skill level 1 in Stealth
 25225 | Lair:6   | Reached skill level 5 in Throwing
 25596 | Lair:6   | Gained mutation: Your hexes are more powerful. [demonic
                  | ancestry]
 25596 | Lair:6   | Reached XP level 15. HP: 129/129 MP: 22/22
 25923 | Lair:6   | Found a staircase to the Slime Pits.
 26632 | Spider:1 | Entered Level 1 of the Spider Nest
 27562 | Spider:1 | Reached skill level 15 in Polearms
 30337 | Spider:3 | Noticed an emperor scorpion
 30339 | Spider:3 | Killed an emperor scorpion
 30525 | Spider:3 | Identified the +11 plate armour "Raaxyw" {rC+ Regen+ Str+4}
 30716 | Spider:3 | Gained mutation: Your melee attacks may debilitate your
                  | foes. [demonic ancestry]
 30716 | Spider:3 | Reached XP level 16. HP: 143/143 MP: 25/25
 30865 | Spider:3 | Found a runed translucent door.
 31131 | Spider:3 | Noticed Qonint's ghost (adept GnWn)
 31131 | Spider:3 | Identified the +2 fustibalus "Hoaxo" {vorpal, Int+7}
 31150 | Spider:4 | Entered Level 4 of the Spider Nest
 31614 | Spider:3 | Reached skill level 16 in Polearms
 32391 | Spider:4 | Reached **** piety under Ashenzari
 32941 | Spider:4 | Reached skill level 17 in Polearms
 33721 | Spider:4 | Got a gossamer rune of Zot
 34125 | Shoals:1 | Entered Level 1 of the Shoals
 34173 | Shoals:1 | Noticed Nikola
 34188 | Shoals:1 | Killed Nikola
 34251 | Shoals:1 | Noticed Frances
 34274 | Shoals:1 | Killed Frances
 34408 | Shoals:1 | Identified the +8 morningstar "Widowmaker" {vorpal, rF+}
 35191 | Shoals:2 | Reached skill level 5 in Stealth
 35198 | Shoals:2 | Noticed Ilsuiw
 35252 | Shoals:2 | Killed Ilsuiw
 35472 | Shoals:2 | Reached XP level 17. HP: 89/153 MP: 29/29
 35489 | Shoals:2 | Found Koomm's CLEARANCE SALE!.
 36099 | Shoals:3 | Reached skill level 18 in Polearms
 36344 | Shoals:3 | Noticed a kraken
 36361 | Shoals:3 | Killed a kraken
 36362 | Shoals:3 | Reached skill level 5 in Evocations
 36720 | Shoals:4 | Entered Level 4 of the Shoals
 36787 | Shoals:4 | Reached skill level 1 in Maces & Flails
 36926 | Shoals:4 | Reached skill level 1 in Long Blades
 37290 | Shoals:4 | Paralysed by an air elemental for 1 turns
 37659 | Shoals:4 | Identified the ring of Nuybonixt {Will+ EV+4}
 37675 | Shoals:4 | Got a barnacled rune of Zot
 38338 | Shoals:4 | Paralysed by an air elemental for 1 turns
 38374 | Shoals:4 | Paralysed by an air elemental for 1 turns
 38378 | Shoals:4 | Paralysed by an air elemental for 1 turns
 39255 | D:12     | Reached skill level 10 in Armour
 39419 | D:12     | Noticed Jorgrun
 39435 | D:12     | Killed Jorgrun
 39882 | D:13     | Reached ***** piety under Ashenzari
 40311 | D:13     | Found Hacam's Magic Scroll Shop.
 40355 | D:13     | Identified Qorph's Volume of Creative Evil
 40531 | D:14     | Identified the +1 leather armour of the Countless Friends
                  | {MP-9 Str+2 Int+5 SInv}
 40661 | D:14     | Found a gate to the Vaults.
 40912 | D:14     | Found a sacrificial altar of Ru.
 41102 | D:14     | Found Ishougyo's Pet Rocks.
 41110 | D:14     | Reached XP level 18. HP: 164/164 MP: 32/32
 41137 | D:14     | Learned a level 3 spell: Mephitic Cloud
 41442 | D:15     | Entered Level 15 of the Dungeon
 41528 | D:15     | Found a hazy altar of Hepliaklqana.
 41603 | D:15     | Reached skill level 5 in Maces & Flails
 41859 | D:15     | Found a staircase to the Depths.
 42506 | Depths:1 | Entered Level 1 of the Depths
 43056 | Depths:1 | Paralysed by a vampire knight for 5 turns
 43392 | Depths:1 | Noticed a lich
 43396 | Depths:1 | Killed a lich
 43487 | Depths:1 | Noticed a lich
 43501 | Depths:1 | Killed a lich
 44271 | Depths:1 | Found a gateway to Hell.
 44271 | Depths:1 | Noticed a hellephant
 44367 | Depths:1 | Killed a hellephant
 44432 | Depths:1 | Paralysed by a floating eye for 4 turns
 44823 | Depths:2 | Gained mutation: Your touch may irresistibly damage your
                  | foes and sap their willpower. [demonic ancestry]
 44823 | Depths:2 | Reached XP level 19. HP: 161/170 MP: 35/35
 44929 | Depths:2 | Noticed a juggernaut
 44940 | Depths:2 | Noticed a juggernaut
 44958 | Depths:2 | Killed a juggernaut
 44959 | Depths:2 | Reached skill level 1 in Hexes
 45126 | Depths:2 | Found an ancient bone altar of Kikubaaqudgha.
 45628 | Depths:2 | Reached skill level 10 in Maces & Flails
 45696 | Depths:2 | Acquired 925 gold pieces
 45697 | Depths:2 | Acquired a +4 demon trident of electrocution
 45700 | Depths:2 | Acquired the +3 buckler of Lugonu's Reproof {Rampage}
 45742 | Depths:2 | Found a one-way gate leading to the halls of Pandemonium.
 45889 | Depths:2 | Killed a juggernaut
 45890 | Depths:2 | Reached skill level 1 in Necromancy
 45919 | Depths:2 | Found Ezxiusyg's Book Boutique.
 45919 | Depths:2 | Found Ape Xiom's Jewellery Emporium.
 45920 | Depths:2 | Found Xipterph's Book Boutique.
 45932 | Depths:2 | Bought a manual of Necromancy for 1200 gold pieces
 46508 | Depths:3 | Reached skill level 5 in Necromancy
 46517 | Depths:3 | Found a portal to a secret trove of treasure.
 46615 | Depths:3 | Noticed a golden dragon
 46700 | Depths:3 | Killed a golden dragon
 47047 | Depths:3 | Found a one-way gate to the infinite horrors of the Abyss.
 47180 | Depths:3 | Found a shimmering blue altar of Sif Muna.
 47485 | Depths:3 | Reached XP level 20. HP: 152/178 MP: 36/36
 47786 | Depths:4 | Entered Level 4 of the Depths
 47921 | Depths:4 | Found a one-way gateway to a ziggurat.
 47935 | Depths:4 | Reached skill level 10 in Necromancy
 48181 | Depths:4 | Noticed a caustic shrike
 48196 | Depths:4 | Killed a caustic shrike
 48203 | Depths:4 | Noticed a caustic shrike
 48203 | Depths:4 | Noticed a caustic shrike
 48226 | Depths:4 | Killed a caustic shrike
 48242 | Depths:4 | Killed a caustic shrike
 48306 | Depths:4 | Reached skill level 19 in Polearms
 48323 | Depths:4 | Noticed a caustic shrike
 48336 | Depths:4 | Noticed a caustic shrike
 48389 | Depths:4 | Noticed a caustic shrike
 48476 | Depths:4 | Noticed a golden dragon
 48488 | Depths:4 | Killed a golden dragon
 48506 | Depths:4 | Killed from afar by a fire dragon

Illustrated notes

Levels and vault maps discovered:
D:1:      psy_arrival_statuary, layout_loops_ring,
          ebering_ecumenical_altar_petrified, minmay_worlds_worst_comb
D:2:      layout_basic, serial_glass, glass_columns_a, glass_columns_b,
          glass_columns_b, glass_columns_a, glass_columns_c,
          minmay_strange_pillars
D:3:      layout_basic, minmay_fractal_squares_5, uniq_jessica, uniq_ijyb
D:4:      layout_gridville, portal_sewer_entry_f, uniq_blork_the_orc
D:5:      layout_basic, nicolae_overflow_crystal_walls,
          mainiacjoe_overflow_brackets, enter_ossuary_4,
          ebering_ghost_rock_garden, uniq_prince_ribbit1
D:6:      layout_cave_pools, hangedman_decor_growths, st_stairs_12
D:7:      layout_gridville
D:8:      black_bear_nest_1, layout_rooms, minivault_23, eino_tiny_chamber,
          uniq_grum
D:9:      layout_roguey, overflow_temple_1_default, kennysheep_mini,
          serial_shops, shop, nicolae_inconvenience_store,
          nicolae_stop_n_shop_2, nicolae_concentric_dashed_squares_mild,
          st_stairs_13, minmay_misc_feat_room, small_statue_intersection
D:10:     cheibrodos_ideogram_h, layout_loops_cross, david_lair_shrubbed
D:11:     layout_stronghold, orc_0_dummy, serial_shops,
          nicolae_shop_window_shopping
D:12:     layout_cave_pods, gauntlet_entry_generic, st_stairs_10,
          zin_scriptorium, uniq_jorgrun
D:13:     layout_layer_cave, serial_shops, shop_fountains, minivault_27,
          minivault_12
D:14:     layout_stronghold, david_vaults_4, nicolae_ru_sacrificial_ziggurat,
          guppyfry_shop_earth
D:15:     hangedman_depths_entry_try_elsewhere_first, layout_irregular_city,
          nicolae_hepliaklqana_hazy_memory
Temple:   hc_temple_tempest_star
Lair:1:   layout_small_grid, uniq_sonja
Lair:2:   minmay_lair_oklob_chamber, layout_loops_ring,
          nicolae_spider_entry_tight_spaces
Lair:3:   layout_cave_pods, minmay_shoals_entry_hut, enter_volcano_2
Lair:4:   nzn_winding_woodlands_stair_cross
          [nzn_winding_woodlands_5x15_pathside_ponds,
          nzn_winding_woodlands_center_diamonds,
          nzn_winding_woodlands_5x15_parted,
          nzn_winding_woodlands_5x5_open_star,
          nzn_winding_woodlands_5x5_closed_star,
          nzn_winding_woodlands_5x15_cabin,
          nzn_winding_woodlands_center_pierced_h,
          nzn_winding_woodlands_5x15_jagged], layout_gridlike,
          hangedman_lair_generics_rect, uniq_snorg, uniq_josephine
Lair:5:   dreamdust_cave_troll, layout_gridlike, special_room
          [special_room_mythical_zoo], lemuel_fruit_fields, serial_bayou_shore_b
Lair:6:   evilmike_catoblepas_cave, layout_cellular_growth,
          minmay_slime_entry_oklob_open, minmay_lair_drake_nest,
          grunt_megastairs_2, serial_bayou_shore_a
Shoals:1: layout_shoals, uniq_nikola, uniq_frances
Shoals:2: layout_shoals, nicolae_shoals_lost_giant_baths,
          nicolae_shop_clearance, uniq_ilsuiw
Shoals:3: layout_shoals
Shoals:4: shoals_end_hellmonk_storm_palace [storm_palace_center_ruins,
          storm_palace_corner_blocked, storm_palace_corner_pillars,
          storm_palace_corner_reverse_hut, storm_palace_corner_reverse_hut]
Spider:1: layout_cave_pods
Spider:2: layout_spider_delve, nicolae_spider_nooks_and_crannies
Spider:3: layout_spider_delve, ebering_ghost_reflecting_pool
Spider:4: grunt_spider_rune_circles
Depths:1: layout_cave_shapes, grunt_hell_horde, hangedman_decor_peaks_small,
          hellmonk_bongcloud_opening, serial_sigils_hangedman_quiver,
          hangedman_stitches_earthworm
Depths:2: minmay_bad_star, layout_basic, rand_demon_pan_entry_1,
          nicolae_kikubaaqudgha_miasma_corner, hell_entry,
          infiniplex_staircase_spiral_double, serial_bayou_shore_b,
          minmay_shop_grove, uniq_josephina
Depths:3: hangedman_cross_stitches, layout_basic, enter_trove_5, hell_entry,
          marbit_kobold_abyss_entry, lemuel_blue_sif_altar
Depths:4: grunt_x_marks_the_spot, layout_gridlike, enter_ziggurat_c,
          abyss_entry, pan_entry, hell_entry, serial_glass, glass_columns_a,
          glass_columns_a, glass_columns_a, glass_columns_c, glass_columns_a,
          glass_columns_b, uniq_sojobo

Skill      XL: |  1  2  3  4  5  6  7  8  9 10 11 12 13 14 15 16 17 18 19 20 |
---------------+-------------------------------------------------------------+-----
Shields        | 1 2 3 4 5 6 |  6.5
Short Blades   | 1 2 3 4 |  4.0
Armour         | 1 2 6 8 9 10 12 14 | 14.5
Fighting       | 3 5 7 9 11 15 16 17 | 17.2
Axes           | 1 4 5 |  5.3
Polearms       | 5 8 10 12 14 15 17 18 19 | 19.1
Throwing       | 4 5 6 |  6.0
Evocations     | 3 4 6 |  6.0
Transmutations | 3 |  3.3
Spellcasting   | 5 7 8 |  8.5
Earth Magic    | 3 |  3.3
Stealth        | 2 4 5 |  5.1
Maces & Flails | 4 9 10 | 10.0
Long Blades    | 3 |  3.4
Hexes          | 3 |  3.9
Necromancy     | 8 11 | 11.4
Dodging        | |  2.6

Action                   |  1- 3 |  4- 6 |  7- 9 | 10-12 | 13-15 | 16-18 | 19-21 || total
-------------------------+-------+-------+-------+-------+-------+-------+-------++-------
Melee: Trident           |    56 |       |   142 |   730 |  1314 |  2021 |  1043 ||  5306
       Short sword       |    65 |   169 |    78 |       |       |       |       ||   312
       Rapier            |       |       |   241 |       |       |       |       ||   241
       War axe           |       |       |    78 |       |       |       |       ||    78
Throw: Dart              |       |       |       |     4 |     5 |    11 |     9 ||    29
 Cast: Wereblood         |       |       |       |       |    19 |    13 |     2 ||    34
       Passwall          |       |       |       |       |     1 |       |       ||     1
       Animate Dead      |       |       |       |       |       |       |     2 ||     2
Invok: Curse Item        |       |       |     3 |       |     3 |     5 |       ||    11
       Shatter the Chain |       |       |       |       |     1 |     1 |     1 ||     3
Evoke: Lightning rod     |       |       |       |       |       |     1 |    10 ||    11
       Box of beasts     |       |       |       |       |       |     1 |       ||     1
       Wand              |       |       |       |       |       |     2 |     5 ||     7
  Use: Potion            |     1 |       |       |     6 |     1 |     8 |     9 ||    25
       Scroll            |       |       |     4 |     5 |     2 |       |     4 ||    15
 Stab: Sleeping          |     1 |       |       |       |     8 |     9 |       ||    18
       Distracted        |       |       |       |     1 |     1 |     2 |       ||     4
       Petrified         |       |       |       |       |    10 |       |       ||    10
       Petrifying        |       |       |       |       |     1 |       |       ||     1
       Held in net/web   |       |       |       |       |       |     1 |       ||     1
       Invisible         |       |       |       |       |       |       |     1 ||     1
Armor: Leather armour    |    20 |       |       |       |       |       |       ||    20
       Scale mail        |     8 |    24 |   215 |   323 |   422 |   200 |       ||  1192
       Ring mail         |       |    31 |       |       |       |       |       ||    31
       Plate armour      |       |       |       |       |       |   643 |   349 ||   992
Dodge: Dodged            |    26 |    68 |   177 |   269 |   366 |   482 |   193 ||  1581
Block: Buckler           |    52 |   106 |   329 |   437 |   647 |  1017 |   408 ||  2996
       Reflection        |     1 |       |     1 |    17 |     5 |    69 |    10 ||   103

Table legend: (Time is in decaauts)
 A = Elapsed time spent in this place.
 B = Non-inter-level travel time spent in this place.
 C = Inter-level travel time spent in this place.
 D = Time resting spent in this place.
 E = Time spent auto-exploring this place.
 F = Levels seen in this place.
 G = Mean time per level.
                   A        B        C        D        E       F      G
               +--------+--------+--------+--------+--------+-----+--------+
         Total |  46926 |  44443 |   2483 |   8119 |  26793 |  38 | 1234.9 |
       Dungeon |  18003 |  16473 |   1530 |   1968 |  11167 |  15 | 1200.2 |
        Temple |    367 |    335 |     32 |      0 |    306 |   1 |  367.0 |
          Lair |   9840 |   9467 |    373 |   1735 |   6388 |   6 | 1640.0 |
        Shoals |   4372 |   4174 |    198 |    687 |   2131 |   4 | 1093.0 |
   Spider Nest |   6755 |   6536 |    219 |   1985 |   3453 |   4 | 1688.8 |
        Depths |   4703 |   4575 |    128 |    609 |   2196 |   4 | 1175.8 |
         Sewer |    296 |    296 |      0 |    133 |     71 |   1 |  296.0 |
       Ossuary |    514 |    514 |      0 |    163 |    217 |   1 |  514.0 |
       Volcano |    575 |    575 |      0 |      0 |    448 |   1 |  575.0 |
      Gauntlet |   1497 |   1497 |      0 |    839 |    414 |   1 | 1497.0 |
               +--------+--------+--------+--------+--------+-----+--------+

Top non-repeatable levels by time:
Spider:3: 2309 daAuts
  Lair:2: 2224 daAuts
    D:11: 2156 daAuts
  Lair:6: 2067 daAuts
  Lair:4: 2063 daAuts
Spider:1: 1853 daAuts
     D:7: 1745 daAuts
    D:10: 1673 daAuts
Depths:1: 1527 daAuts
Depths:3: 1505 daAuts
Gauntlet: 1497 daAuts
Shoals:4: 1464 daAuts
    D:15: 1448 daAuts
  Lair:1: 1443 daAuts
     D:5: 1397 daAuts
